[Event "GER-chT States Women 2022"]
[Site "Braunfels"]
[Date "2022.06.17"]
[Round "3.34"]
[White "Mader, Lena"]
[Black "Nizamova, Rita"]
[Result "1-0"]
[ECO "A20"]
[WhiteElo "1789"]
[BlackElo "1814"]
[Annotator "NA RC"]
[PlyCount "109"]
[EventDate "2022.06.15"]
[EventType "swiss"]
[EventCountry "GER"]
[SourceTitle "playchess.com"]
[Source "ChessBase"]
[SourceQuality "1"]
[TimeControl "40/5400+30:1800+30"]

1. c4 e5 2. g3 f5 3. Bg2 Nf6 4. d3 Nc6 5. Nc3 Be7 6. Nf3 d6 7. Rb1 a5 8. a3 O-O 9. O-O h6 10. b4 axb4 11. axb4 g5 12. b5 Na5 13. Nd2 Be6 14. Nb3 d5 15. Nxa5 Rxa5 16. Qb3 dxc4 17. dxc4 e4 18. Rd1 Qa8 19. Nd5 Bxd5 20. cxd5 Bd6 21. b6 Qa6 22. bxc7 Qxe2 23. Rd2 Qe1+ 24. Bf1 Rc5 25. Rc2 Qa5 26. Ba3 Rxc2 27. Qxc2 Qxa3 28. c8=Q Rxc8 29. Qxc8+ Kg7 30. Qxf5 e3 31. Rxb7+ Be7 32. fxe3 Qxe3+ 33. Qf2 Qe5 34. Qe2 Qd4+ 35. Kh1 Nxd5 36. Rxe7+ Nxe7 37. Qxe7+ Kg6 38. Qe6+ Kg7 39. Bc4 Qa1+ 40. Kg2 Qb2+ 41. Kh3 h5 42. Qg8+ Kh6 43. Qf8+ Qg7 44. Qxg7+ Kxg7 45. Be2 Kg6 46. Bd3+ Kf6 47. Kg2 Kf7 48. Kf3 Ke6 49. Ke4 h4 50. Be2 Kf6 51. Bg4 Kf7 52. Ke5 Kg6 53. Ke6 Kh6 54. Kf6 h3 55. Kf5 1-0

[Event "GER-chT States Women 2022"]
[Site "Braunfels"]
[Date "2022.06.17"]
[Round "3.35"]
[White "Moeller, Hannah"]
[Black "Bazzazi, Elnaz"]
[Result "1/2-1/2"]
[ECO "A04"]
[WhiteElo "1833"]
[BlackElo "1749"]
[Annotator "NA RC"]
[PlyCount "22"]
[EventDate "2022.06.15"]
[EventType "swiss"]
[EventCountry "GER"]
[SourceTitle "playchess.com"]
[Source "ChessBase"]
[SourceQuality "1"]
[TimeControl "40/5400+30:1800+30"]

1. Nf3 b6 2. g3 Bb7 3. d4 e6 4. Bg2 Nf6 5. O-O c5 6. c3 d5 7. c4 Nbd7 8. Nc3 dxc4 9. Qa4 a6 10. Qxc4 b5 11. Qd3 cxd4 1/2-1/2

[Event "GER-chT States Women 2022"]
[Site "Braunfels"]
[Date "2022.06.17"]
[Round "3.36"]
[White "Ramm, Madlen"]
[Black "Kiesel, Lara"]
[Result "1/2-1/2"]
[ECO "C15"]
[WhiteElo "1732"]
[BlackElo "1737"]
[Annotator "NA RC"]
[PlyCount "25"]
[EventDate "2022.06.15"]
[EventType "swiss"]
[EventCountry "GER"]
[SourceTitle "playchess.com"]
[Source "ChessBase"]
[SourceQuality "1"]
[TimeControl "40/5400+30:1800+30"]

1. e4 e6 2. d4 d5 3. Nc3 Bb4 4. exd5 exd5 5. Bd3 Nf6 6. Nge2 O-O 7. O-O c6 8. a3 Bd6 9. Bg5 Nbd7 10. Qd2 h6 11. Bf4 Qc7 12. Bxd6 Qxd6 13. Qf4 1/2-1/2

[Event "GER-chT States Women 2022"]
[Site "Braunfels"]
[Date "2022.06.17"]
[Round "3.37"]
[White "Wilmink, Anna"]
[Black "Marx, Christina"]
[Result "1-0"]
[ECO "B34"]
[WhiteElo "1700"]
[BlackElo "1587"]
[Annotator "NA RC"]
[PlyCount "97"]
[EventDate "2022.06.15"]
[EventType "swiss"]
[EventCountry "GER"]
[SourceTitle "playchess.com"]
[Source "ChessBase"]
[SourceQuality "1"]
[TimeControl "40/5400+30:1800+30"]

1. e4 c5 2. Nf3 Nc6 3. d4 cxd4 4. Nxd4 g6 5. Nc3 Bg7 6. Be3 d6 7. Bc4 Nf6 8. h3 O-O 9. Bb3 a6 10. O-O e5 11. Nde2 Na5 12. Bd5 Nxd5 13. Nxd5 Nc4 14. Bc1 Be6 15. Nec3 b5 16. a4 bxa4 17. Rxa4 Bxd5 18. Nxd5 Nb6 19. Ra3 Nd7 20. Be3 f5 21. f3 f4 22. Bd2 Nf6 23. Ba5 Qb8 24. Rb3 Qa7+ 25. Bb6 Qf7 26. Nxf6+ Qxf6 27. Qd5+ Kh8 28. Rd1 Rac8 29. c3 Rfe8 30. Ra3 Qe6 31. Rxa6 Qxd5 32. Rxd5 Rc6 33. Rda5 Bf6 34. Ra8 Rxa8 35. Rxa8+ Kg7 36. Bf2 h5 37. Kf1 h4 38. Ke2 g5 39. Kd3 Kf7 40. b4 Ke6 41. b5 Rc7 42. b6 Rb7 43. Kc4 d5+ 44. exd5+ Kd6 45. Bc5+ Kd7 46. Kd3 Bd8 47. Ra7 Kc8 48. Rxb7 Kxb7 49. Ke4 1-0

[Event "GER-chT States Women 2022"]
[Site "Braunfels"]
[Date "2022.06.17"]
[Round "3.38"]
[White "Mueller, Riyanna"]
[Black "Balazs, Kata"]
[Result "0-1"]
[ECO "B01"]
[WhiteElo "1521"]
[BlackElo "1679"]
[Annotator "NA RC"]
[PlyCount "72"]
[EventDate "2022.06.15"]
[EventType "swiss"]
[EventCountry "GER"]
[SourceTitle "playchess.com"]
[Source "ChessBase"]
[SourceQuality "1"]
[TimeControl "40/5400+30:1800+30"]

1. e4 d5 2. exd5 Qxd5 3. Nc3 Qa5 4. d4 Nf6 5. Nf3 Bg4 6. h3 Bxf3 7. Qxf3 c6 8. Bd2 Qb6 9. O-O-O e6 10. Bd3 Nbd7 11. Rhe1 Be7 12. g4 h6 13. Be3 Nd5 14. Ne4 Nxe3 15. fxe3 Nf6 16. Rf1 O-O-O 17. Nxf6 Bxf6 18. c3 Rd7 19. Qg3 Rhd8 20. Rf3 Qa5 21. Kb1 c5 22. Rdf1 cxd4 23. exd4 Rd6 24. h4 a6 25. Rg1 R8d7 26. g5 hxg5 27. hxg5 Be7 28. Rxf7 Rb6 29. Rf2 Rd5 30. g6 Rg5 31. Qh2 Rxg1+ 32. Qxg1 Kd8 33. Rc2 Bf6 34. Qe3 Rd6 35. Rf2 Qh5 36. Qg3 Qd1# 0-1

[Event "GER-chT States Women 2022"]
[Site "Braunfels"]
[Date "2022.06.17"]
[Round "3.39"]
[White "Grabowski, Petra"]
[Black "Anisimova, Mariya"]
[Result "0-1"]
[ECO "B08"]
[WhiteElo "1635"]
[BlackElo "1386"]
[Annotator "NA RC"]
[PlyCount "72"]
[EventDate "2022.06.15"]
[EventType "swiss"]
[EventCountry "GER"]
[SourceTitle "playchess.com"]
[Source "ChessBase"]
[SourceQuality "1"]
[TimeControl "40/5400+30:1800+30"]

1. d4 Nf6 2. Nf3 g6 3. Nc3 Bg7 4. e4 d6 5. Be3 O-O 6. Qd2 Ng4 7. Bg5 h6 8. h3 Nxf2 9. Qxf2 hxg5 10. Nxg5 Bh6 11. Nf3 e6 12. Bd3 Nc6 13. a3 Bg7 14. g4 e5 15. d5 Nd4 16. Nxd4 exd4 17. Nb5 c6 18. dxc6 bxc6 19. Nxd4 c5 20. Nf3 Bxb2 21. Ra2 Bc3+ 22. Ke2 Be6 23. Raa1 Bxa1 24. Rxa1 c4 25. g5 cxd3+ 26. cxd3 Kg7 27. Qd4+ f6 28. h4 Bg4 29. Rf1 Qb6 30. Qc3 Qc5 31. Qb2 Rac8 32. gxf6+ Rxf6 33. Kd2 Bxf3 34. Rxf3 Qc2+ 35. Qxc2 Rxc2+ 36. Kxc2 Rxf3 0-1

[Event "GER-chT States Women 2022"]
[Site "Braunfels"]
[Date "2022.06.17"]
[Round "3.40"]
[White "Perovic-Ottstadt, Sanja"]
[Black "Zoellner, Bente"]
[Result "0-1"]
[ECO "A48"]
[WhiteElo "1507"]
[BlackElo "1589"]
[Annotator "NA RC"]
[PlyCount "74"]
[EventDate "2022.06.15"]
[EventType "swiss"]
[EventCountry "GER"]
[SourceTitle "playchess.com"]
[Source "ChessBase"]
[SourceQuality "1"]
[TimeControl "40/5400+30:1800+30"]

1. d4 Nf6 2. Nf3 g6 3. c3 Bg7 4. Bg5 O-O 5. Nbd2 d5 6. e3 Nbd7 7. Be2 c5 8. O-O c4 9. Re1 b5 10. Bh4 a5 11. Bg3 Nh5 12. e4 Nxg3 13. hxg3 e6 14. exd5 exd5 15. Bf1 b4 16. Ne5 Nxe5 17. dxe5 Re8 18. Nf3 Bg4 19. Qd4 Bf5 20. Rad1 Be4 21. Nd2 Bxe5 22. Qe3 Bc2 23. Rc1 Bf5 24. Nf3 Bf6 25. Qc5 Rxe1 26. Nxe1 Rc8 27. Qe3 Rc7 28. Qb6 Rd7 29. Qxd8+ Rxd8 30. Nf3 Re8 31. Nd4 bxc3 32. bxc3 Bxd4 33. cxd4 Kf8 34. f3 Rb8 35. g4 Rb1 36. Rxb1 Bxb1 37. a3 c3 0-1

[Event "GER-chT States Women 2022"]
[Site "Braunfels"]
[Date "2022.06.18"]
[Round "4.1"]
[White "Zatonskih, Anna"]
[Black "Khrapko, Marharyta"]
[Result "1-0"]
[ECO "A43"]
[WhiteElo "2386"]
[BlackElo "2110"]
[Annotator "TA"]
[PlyCount "75"]
[EventDate "2022.06.15"]
[EventType "swiss"]
[EventCountry "GER"]
[SourceTitle "playchess.com"]
[Source "ChessBase"]
[SourceQuality "1"]
[TimeControl "40/5400+30:1800+30"]

1. d4 Nf6 2. Nf3 c5 3. d5 b5 4. Bg5 Qb6 5. Bxf6 gxf6 6. e4 {[%emt 0:05:15] A43: Schmid Benoni.} d6 7. Nc3 (7. Nh4 $16) 7... b4 $11 {[%emt 0:03:59] [#]} 8. Nb1 $146 {[%emt 0:05:31] White is slightly better.} ({Predecessor:} 8. Na4 Qa5 9. b3 Bg7 10. Nb2 Nd7 11. Nc4 Qc7 12. Bd3 f5 13. Rb1 Bc3+ 14. Nfd2 fxe4 15. Bxe4 {1-0 (20) Grabowski,P (2228)-Byrka,M (2229) Wisla 2002}) 8... Bh6 (8... f5 $11) 9. Nbd2 $14 Bxd2+ 10. Nxd2 ({Much worse is} 10. Kxd2 $6 Nd7 $11) 10... Nd7 11. Nc4 Qc7 12. Ne3 {[%emt 0:01:40] White is more active.} Nb6 13. Qh5 Bd7 14. Be2 h6 15. O-O Rh7 16. b3 a5 17. Bd3 {[%emt 0:09:09][%cal Oe4e5] [#] And now e5! would win.} Rh8 18. f4 a4 19. Rae1 Rf8 20. Qxh6 O-O-O 21. Qh5 Kb7 22. Nc4 Nxc4 23. Bxc4 a3 24. Rf2 Bc8 25. Qf3 Ka7 26. c3 Qa5 27. cxb4 Qxb4 28. Rc1 f5 (28... Kb8 {was called for.} 29. Qh5 Bb7) 29. Re2 $18 fxe4 30. Rxe4 ({Don't take} 30. Qxe4 $6 e6 31. Qd3 (31. dxe6 fxe6 32. Qe3 Bb7 $16) 31... Kb8 $18) 30... e6 (30... Qb7 {is a better defense.} 31. Qe2 Rfe8) 31. dxe6 fxe6 32. Bxe6 Qb5 (32... Qb7 $142 33. Bd5 Qb6 34. Ra4+ Kb8) 33. Ra4+ Kb6 34. Bc4 Qe8 35. Bd5 (35. Qc3 $142 Kc7 36. Qa5+ Kd7 37. Qa7+ Kc6 {[#]} 38. Bb5+ $1 Kd5 39. Rd1+ Ke6 40. Bxe8) 35... Ba6 36. Qc3 {[%emt 0:01:52] White wants to mate with Qa5+.} Qe2 37. Qa5+ Ka7 38. Qc7# {[%emt 0:00:07] Weighted Error Value: White=0.12 (very precise) /Black=0.53} 1-0

[Event "GER-chT States Women 2022"]
[Site "Braunfels"]
[Date "2022.06.18"]
[Round "4.2"]
[White "Birkholz, Olga"]
[Black "Cosma, Elena-Luminita"]
[Result "1/2-1/2"]
[ECO "C00"]
[WhiteElo "1993"]
[BlackElo "2277"]
[Annotator "TA"]
[PlyCount "54"]
[EventDate "2022.06.15"]
[EventType "swiss"]
[EventCountry "GER"]
[SourceTitle "playchess.com"]
[Source "ChessBase"]
[SourceQuality "1"]
[TimeControl "40/5400+30:1800+30"]

1. e4 e6 2. Qe2 Be7 3. f4 d5 4. e5 h5 5. Nf3 c5 6. d3 {[%emt 0:03:30] C00: French: Unusual White 2nd moves.} Nh6 7. g3 Nf5 8. Bh3 {[%emt 0:01:25] Black is slightly better.} Nc6 9. c3 {[%emt 0:00:19] [#]} a6 $146 ({Predecessor:} 9... d4 10. c4 b5 11. cxb5 Qa5+ 12. Kf2 Qxb5 13. Na3 Qb8 14. Nc4 g6 15. Bd2 Nb4 {1-0 (52) Shorokhov,A (2470)-Kiselev,V (2277) Rybinsk 2004}) 10. O-O b5 11. Bxf5 exf5 12. d4 c4 13. Ng5 Be6 14. Nd2 b4 15. Ndf3 bxc3 16. bxc3 Qa5 17. Qc2 Rb8 18. Nh4 Bxg5 19. fxg5 g6 20. Ng2 Kd7 21. h4 Rb5 22. Nf4 Rhb8 23. Rf3 Kc8 24. a4 Rb3 {[#] Threatens to win with ...Nxd4.} 25. Ba3 $2 (25. Re3 $11) 25... Qxa4 $2 (25... Nxd4 $1 $19 {is more deadly.} 26. cxd4 Rxf3) 26. Bc1 $2 Qa5 $4 (26... Qxa1 $19 {and all is fine.} 27. Qd1 {[#]} Nxd4 $1 28. Qxd4 Qxc1+ 29. Rf1 Qxc3 30. Qxc3 Rxc3) 27. Rf1 $4 R3b5 $4 {[%mdl 40960] Weighted Error Value: White=0.92/Black=0.56. An unexpected result.} (27... Qxa1 $19 28. Ne2 a5) 1/2-1/2

[Event "GER-chT States Women 2022"]
[Site "Braunfels"]
[Date "2022.06.18"]
[Round "4.3"]
[White "Voicu-Jagodzinsky, Carmen"]
[Black "Stangl, Anita"]
[Result "1/2-1/2"]
[ECO "C14"]
[WhiteElo "2291"]
[BlackElo "2041"]
[Annotator "TA"]
[PlyCount "38"]
[EventDate "2022.06.15"]
[EventType "swiss"]
[EventCountry "GER"]
[SourceTitle "playchess.com"]
[Source "ChessBase"]
[SourceQuality "1"]
[TimeControl "40/5400+30:1800+30"]

1. e4 e6 2. d4 d5 3. Nc3 Nf6 4. Bg5 Be7 5. e5 Nfd7 6. Bxe7 Qxe7 7. f4 O-O 8. Nf3 c5 9. Nb5 Nc6 10. c3 {[%emt 0:00:34] C14: French: Classical System: 4 Bg5 Be7 main line.} f6 11. h4 {Against g5 was the old line (11.Bd3).} cxd4 12. cxd4 fxe5 13. fxe5 {[%emt 0:00:23] [#]} Rf4 $146 ({Predecessor:} 13... Qf7 14. Qd2 a6 15. Nd6 Qf4 16. O-O-O b5 17. Ng5 Qxd2+ 18. Rxd2 Nb6 19. Nf3 {½-½ (19) Cresswell,M (1766)-Kitchen,M England 2015}) 14. Qd2 Qb4 (14... Rg4 $1 $14) 15. Qxb4 $16 Nxb4 16. Kd2 {[%emt 0:16:23] Inhibits Nc2.} (16. Kf2 $16) 16... Nb6 $14 17. b3 Bd7 18. a3 (18. Nd6 $14) 18... Nc6 $11 19. Rc1 Raf8 {[%emt 0:11:02] Weighted Error Value: White=0.20 (precise) /Black=0.12 (very precise)} 1/2-1/2

[Event "GER-chT States Women 2022"]
[Site "Braunfels"]
[Date "2022.06.18"]
[Round "4.4"]
[White "Braun, Kristin"]
[Black "Agrest, Inna"]
[Result "1-0"]
[ECO "C55"]
[WhiteElo "1905"]
[BlackElo "2265"]
[Annotator "TA"]
[PlyCount "95"]
[EventDate "2022.06.15"]
[EventType "swiss"]
[EventCountry "GER"]
[SourceTitle "playchess.com"]
[Source "ChessBase"]
[SourceQuality "1"]
[TimeControl "40/5400+30:1800+30"]

1. e4 e5 2. Nf3 Nc6 3. Bc4 Nf6 4. d3 h6 5. c3 d6 6. Nbd2 g5 {[%emt 0:01:09] C55: Two Knights: 4 d3, 4 d4 exd4 5 e5 and Max Lange Attack.} 7. h3 Bg7 8. Nf1 d5 {[%emt 0:07:54] The position is equal.} 9. exd5 (9. Bb5 {looks sharper.} dxe4 10. Nxe5 Qd5 11. Qa4) 9... Nxd5 10. Qb3 {[%emt 0:03:25] [#]} Be6 $146 ({Predecessor:} 10... Nce7 11. Ng3 O-O 12. Nh5 Qd6 13. Nd2 c6 14. Ne4 Qg6 15. Nxg7 Kxg7 16. h4 f5 {0-1 (38) Sedina,E (2279)-Zawadzka,J (2403) Iasi 2021}) 11. Qxb7 Na5 12. Bb5+ ({White should play} 12. Qa6 $11 Nxc4 13. Qb5+ (13. dxc4 Nb6 $11) 13... Bd7 14. Qxd5) 12... Kf8 (12... Ke7 $5 13. Qa6 c5 $15) 13. Qa6 c5 14. Bc6 (14. Ba4 $11) 14... Nxc6 $15 15. Qxc6 Rc8 $36 {[%emt 0:00:20][%mdl 2048] Black fights for an advantage.} 16. Qb5 {[%emt 0:05:23] [#]} (16. Qa6 $1 $15) 16... e4 $1 $17 17. N3d2 (17. dxe4 $17 Nxc3 18. bxc3 Bxc3+ 19. N1d2 Bxa1 20. O-O) 17... Nf4 $1 $19 18. Nxe4 {[%emt 0:01:41] And now Bxf4 would win.} Nxd3+ 19. Ke2 c4 20. Nfg3 Bd7 ({Not} 20... Rb8 $2 21. Qa6 $19) 21. Qa6 Rc6 22. Qxa7 f5 23. Bxg5 $2 (23. Rd1 fxe4 24. Kf1) 23... hxg5 24. Nxg5 Qxg5 25. Qxd7 {[%emt 0:00:09] [#]} Re6+ $3 26. Kf1 {[%emt 0:01:05] [#]} (26. Qxe6 Nf4+) 26... Qd2 $1 27. Qd8+ (27. Ne4 fxe4) 27... Kf7 ({But not} 27... Re8 $2 28. Qd6+ Re7 29. Qd8+ Kf7 30. Qd5+ Re6 31. Qxf5+ Ke7 32. Kg1 $19) 28. Qd7+ Kf8 $2 ({Better is} 28... Kf6 $19 29. Qxd3 cxd3) 29. Qd8+ $15 Kf7 $2 (29... Re8 $15 30. Qd6+ Re7 31. Qd8+ Kf7 32. Qd5+ Re6 33. Qxf5+ Ke7) 30. Qd7+ $19 Kf6 31. Kg1 Qxf2+ 32. Kh2 {[%emt 0:00:01] [#]} f4 (32... Rxh3+ $142 $3 33. Kxh3 Nf4+ 34. Kh4 Kg6 35. Qd8 Bf6+ 36. Qxf6+ Rxf6 37. Raf1 Qe3 38. Rf3 Nxg2+ 39. Kh3 Qxf3 40. Kh2 Nf4 41. Rg1 Kf7 42. b4 Rh6+ 43. Nh5 Rxh5#) 33. Nf1 f3 34. Rg1 Bf8 (34... Bh6 $142 35. Qd4+ Qxd4 36. cxd4 Bf4+ 37. Ng3 f2 38. Rgf1 Re3 39. Rxf2 Nxf2 40. Kg1 Bxg3 41. Rf1 Re2 42. d5 Rxb2 43. d6 Rxa2 44. d7 c3 45. h4 Ke7 46. Re1+ Kxd7 47. Rb1 Rxh4 48. Rb7+ Kc6 49. Rb6+ Kxb6 50. Kf1 Rh1#) 35. Ng3 Qxb2 $2 (35... Nf4 $19 36. Ne4+ Rxe4) 36. Qd4+ Re5 {[%emt 0:00:11] ...Nf2 is the strong threat.} 37. Raf1 {[%emt 0:01:24] Against Nf2} (37. Qd8+ $14 Kg7 38. Rab1) 37... f2 $11 {[%emt 0:00:36] White must now prevent ...Bc5.} (37... Bc5 38. Rxf3+ Ke7 39. Nf5+ Ke8 40. Ng7+ Ke7 41. Nf5+ Ke8 42. Nd6+ Kd7 43. Rf7+ Kc6 44. Qxc4 Rxh3+ 45. Kxh3 $18) 38. Ne4+ Kg6 {[%emt 0:00:26] Strongly threatening ...Qb8.} 39. Nxf2 Qb8 40. Nxd3 {[%emt 0:01:50] Chess con chili.} Re4+ (40... cxd3 $11 41. Qxd3+ Rf5+ 42. Kh1 Qe5) 41. Nf4+ $18 Rxf4 42. Rxf4 {[%emt 0:00:00][%cal Bf1f4,Bf4g4,Bg4e4][%mdl 32] White mates.} Bd6 43. g3 Rf8 44. Rg4+ Kf7 45. Rf1+ Ke8 46. Rxf8+ Bxf8 47. Re4+ Kf7 48. Qxc4+ {[%emt 0:00:00] Quite a comeback for White.  Weighted Error Value: White=0.91/Black=0.75} 1-0

[Event "GER-chT States Women 2022"]
[Site "Braunfels"]
[Date "2022.06.18"]
[Round "4.5"]
[White "Ciolacu, Alessia-Mihaela"]
[Black "Ankerst, Milka"]
[Result "1-0"]
[ECO "E11"]
[WhiteElo "2198"]
[BlackElo "1931"]
[Annotator "TA"]
[PlyCount "75"]
[EventDate "2022.06.15"]
[EventType "swiss"]
[EventCountry "GER"]
[SourceTitle "playchess.com"]
[Source "ChessBase"]
[SourceQuality "1"]
[TimeControl "40/5400+30:1800+30"]

1. d4 Nf6 2. c4 e6 3. Nf3 Bb4+ 4. Nbd2 c5 5. a3 Bxd2+ 6. Qxd2 cxd4 7. Nxd4 Nc6 {[%emt 0:00:29] E11: Bogo-Indian.} 8. e3 O-O 9. Be2 d5 {[%emt 0:03:58] The position is equal.} 10. O-O {[%emt 0:00:53] [#]} (10. b4 {with more complications.} Ne4 11. Qb2 Qf6 12. Nf3) 10... Ne5 $146 ({Predecessor:} 10... e5 11. Nxc6 bxc6 12. b4 Bf5 13. f3 Re8 14. Bb2 Qb6 15. Kh1 Rad8 16. c5 Qc7 {1-0 (49) Galyas,M (2424)-Caruana,F (2373) Budapest 2005}) 11. b3 dxc4 12. bxc4 Bd7 13. Bb2 Qe7 14. Qb4 Qxb4 (14... Rfe8 $14) 15. axb4 $16 Nc6 (15... Ng6 $16 {might work better.} 16. Nb3 Rfc8) 16. b5 $18 Nxd4 17. exd4 (17. Bxd4 $18 {and the rest is easy. Hoping for Bf3.} a6 18. Rfd1) 17... a6 $16 18. bxa6 Rxa6 19. Rxa6 bxa6 20. Ra1 Rb8 21. Bc3 Bc8 22. h4 ({White should play} 22. Kf1 $16) 22... Ne4 $14 23. Be1 g6 24. f3 Nd6 (24... Rb2 $16 {was necessary.}) 25. Bg3 $1 $18 Rb2 {[%emt 0:00:10] Strongly threatening ...Nf5.} 26. Bxd6 Rxe2 {[%emt 0:01:32][%mdl 4096] Endgame [#] KRB-KRB} 27. Rb1 {[%emt 0:00:50] Inhibits Rb2.} Kg7 28. Rb6 (28. Rb8 $142 Bd7 29. Be5+ f6 30. Bd6) 28... Rc2 29. c5 {[%emt 0:00:27] White is more active.} a5 {[%emt 0:02:21] [#]} 30. c6 ({White should try} 30. g4 $1 $16 ) 30... f6 {[%emt 0:02:18] [#]} (30... a4 $1 $11) 31. Rb7+ $1 Kg8 $14 32. Rc7 Ba6 33. Bc5 e5 {[%emt 0:00:21] [#]} 34. d5 $1 {[%emt 0:00:48][%cal Bd4d5,Bd5d6,Bd6d7][%mdl 32] d6! is the strong threat.} Rxc5 35. d6 {[%emt 0:00:06] And now d7 would win.} Kf8 $2 (35... Bb5 $11) 36. d7 $18 {[%emt 0:00:20][%cal Rd7d8] White is clearly winning.} Ke7 37. Rc8 $1 Rd5 38. Re8+ {[%emt 0:00:07] Weighted Error Value: White=0.34/Black=0.40} 1-0

[Event "GER-chT States Women 2022"]
[Site "Braunfels"]
[Date "2022.06.18"]
[Round "4.6"]
[White "Spiel, Marianne"]
[Black "Kuckling, Hannah"]
[Result "1/2-1/2"]
[ECO "B44"]
[WhiteElo "1910"]
[BlackElo "2070"]
[Annotator "TA"]
[PlyCount "62"]
[EventDate "2022.06.15"]
[EventType "swiss"]
[EventCountry "GER"]
[SourceTitle "playchess.com"]
[Source "ChessBase"]
[SourceQuality "1"]
[TimeControl "40/5400+30:1800+30"]

1. e4 c5 2. Nf3 e6 3. d4 cxd4 4. Nxd4 Nc6 5. c4 Nf6 6. Nxc6 {[%emt 0:12:19] B44: Sicilian: Taimanov: 5 Nb5.} bxc6 7. Qc2 {[%emt 0:03:14] 7.Nc3 is setting a new trend.} e5 8. Nc3 {[%emt 0:06:50] The position is equal.} Bb4 9. Bd2 d6 10. Be2 O-O 11. O-O {[%emt 0:04:10] [#]} Ne8 $146 ({Predecessor:} 11... Be6 12. Rad1 Bc5 13. Bg5 h6 14. Bh4 Qe7 15. Bxf6 Qxf6 16. b3 a5 17. Rd3 Rfb8 {0-1 (31) Moiseenko,V (2285)-Domogaev,S (2366) Tula 2019}) 12. Rad1 Nc7 (12... Bc5 $11) 13. a3 (13. Na4 $16 Bxd2 14. Qxd2) 13... Bxc3 (13... Bc5 $1 $11 {keeps the balance.}) 14. Bxc3 $16 ({But not} 14. Qxc3 c5 $11) 14... Qe7 15. Qd3 Rd8 16. Qg3 ({Better is} 16. f4 $16) 16... Ne6 $1 $11 17. f4 f6 $1 18. f5 Ng5 {[%emt 0:00:41] [#]} (18... Nf4 $1 $11 19. Rf2 Nxe2+ 20. Rxe2 d5) 19. Qe3 {[%emt 0:00:25] White is more active.} (19. Ba5 $1 $16 Rd7 20. Qe3) 19... a5 20. Rd2 a4 21. h4 Nf7 22. Rfd1 c5 23. Kf2 Ba6 24. Rg1 Rd7 25. g4 h6 26. Qd3 Qd8 (26... d5 $5 27. exd5 Nd6 $15) 27. Rc2 Rb8 28. Bd1 {[%emt 0:01:13] [#]} (28. Qd2 $11 {remains equal.}) 28... Bb7 ({Black should play} 28... d5 $1 $17 {[%cal Rd5d4] ...d4 is the strong threat.} 29. exd5 Nd6) 29. Ke3 Bc6 (29... Ba6 $5 30. Qd5 Bb7 $11) 30. Rh2 Qe7 31. Bc2 Kf8 {[%emt 0:00:52] Weighted Error Value: White=0.25 (precise) /Black=0.23 (precise)} 1/2-1/2

[Event "GER-chT States Women 2022"]
[Site "Braunfels"]
[Date "2022.06.18"]
[Round "4.7"]
[White "Hess, Olena"]
[Black "Schilay, Eva"]
[Result "1-0"]
[ECO "A04"]
[WhiteElo "2055"]
[BlackElo "1691"]
[Annotator "RC"]
[PlyCount "111"]
[EventDate "2022.06.15"]
[EventType "swiss"]
[EventCountry "GER"]
[SourceTitle "playchess.com"]
[Source "ChessBase"]
[SourceQuality "1"]
[TimeControl "40/5400+30:1800+30"]

1. Nf3 Nc6 2. d4 d5 3. Bf4 Bf5 4. a3 e6 5. e3 Bd6 6. Bg3 Nf6 7. c4 O-O 8. Nc3 Ne7 9. Be2 c6 10. Bxd6 Qxd6 11. Nh4 Bg6 12. Nxg6 Nxg6 13. O-O Rfd8 14. Qc2 e5 15. dxe5 Qxe5 16. cxd5 Nxd5 17. Ne4 Nf6 18. Nxf6+ Qxf6 19. Rad1 Nf8 20. Qb3 b6 21. Bf3 Rac8 22. h3 c5 23. Bd5 Rd7 24. f4 Ng6 25. g3 h6 26. e4 Rcd8 27. e5 Qe7 28. e6 Rd6 29. exf7+ Kh7 30. Rde1 Qf6 31. Rd1 Qe7 32. Kh2 Qd7 33. Bf3 Rd3 34. Rxd3 Qxd3 35. Qxd3 Rxd3 36. f8=Q Rd2+ 37. Rf2 Rxf2+ 38. Kg1 Nxf8 39. Kxf2 Kg6 40. Bd5 Nd7 41. Kf3 Nf6 42. Bc4 Ne8 43. Bd3+ Kf6 44. Ke4 Nc7 45. g4 b5 46. h4 a6 47. g5+ hxg5 48. fxg5+ Ke6 49. h5 c4 50. Bc2 Nd5 51. h6 gxh6 52. gxh6 Nf6+ 53. Kd4 Kd6 54. h7 Nxh7 55. Bxh7 a5 56. Be4 1-0

[Event "GER-chT States Women 2022"]
[Site "Braunfels"]
[Date "2022.06.18"]
[Round "4.8"]
[White "Schaefer, Ann-Kathrin"]
[Black "Cordes, Jule"]
[Result "0-1"]
[ECO "C01"]
[WhiteElo "1680"]
[BlackElo "1759"]
[Annotator "NA RC"]
[PlyCount "98"]
[EventDate "2022.06.15"]
[EventType "swiss"]
[EventCountry "GER"]
[SourceTitle "playchess.com"]
[Source "ChessBase"]
[SourceQuality "1"]
[TimeControl "40/5400+30:1800+30"]

1. e4 e6 2. d4 d5 3. exd5 exd5 4. Bd3 Bd6 5. Ne2 Nc6 6. c3 Nge7 7. Bf4 Bg4 8. f3 Bf5 9. O-O Bxf4 10. Nxf4 Qd6 11. Ne2 O-O-O 12. b4 h5 13. a4 h4 14. a5 h3 15. g3 Qg6 16. Bxf5+ Nxf5 17. Qb3 Rhe8 18. Ra2 Re3 19. Qc2 Nce7 20. Na3 Qg5 21. Kh1 Nh4 22. Ng1 Nhf5 23. Ne2 Re8 24. c4 Ng6 25. Qd1 Nd6 26. c5 Nc4 27. Nb5 a6 28. Nbc3 Qf5 29. f4 Rd3 30. Qb1 Ne7 31. Qc2 c6 32. Rd1 Rxd1+ 33. Qxd1 Ng6 34. Qc2 Qg4 35. Ng1 Re3 36. Ra1 Ne7 37. Nce2 Nf5 38. Rf1 Re4 39. Nf3 Nfe3 40. Qc1 Nxf1 41. Qxf1 Re3 42. Neg1 f6 43. Qd1 Qf5 44. Qf1 Qe4 45. Qxh3+ Kc7 46. Qh5 Qe7 47. Qg6 Rb3 48. Qc2 Rxb4 49. Qc3 Rb5 0-1